 Dungeon Crawl Stone Soup version 0.25-a0-317-g5f8687bca5 (webtiles) character file.

Game seed: 12432677456038526033, levelgen mode: deterministic

3983 Gargoyl the Chopper (level 10, -18/83 HPs)
             Began as a Centaur Abyssal Knight on Dec 27, 2019.
             Was a Priest of Lugonu.
             Demolished by a death yak (19 damage)
             ... on level 7 of the Dungeon.
             The game lasted 00:11:24 (10823 turns).

Gargoyl the Chopper (Centaur Abyssal Knight)       Turns: 10823, Time: 00:11:24

Health: -18/83     AC:  7    Str: 16    XL:     10   Next: 2%
Magic:  2/15       EV: 11    Int: 11    God:    Lugonu [***...]
Gold:   440        SH:  0    Dex: 11    Spells: 9/9 levels left

rFire    . . .     SeeInvis .   e - +4 battleaxe (elec)
rCold    + . .     Gourm    .   (shield currently unavailable)
rNeg     . . .     Faith    .   p - +2 leather armour {rC+}
rPois    +         Spirit   .   (helmet restricted)
rElec    .         Reflect  .   (no cloak)
rCorr    .         Harm     .   (no gloves)
MR       +....     Clarity  +   (no barding)
Stlth    +.........             n - amulet of magic regeneration
HPRegen  0.23/turn              g - ring of poison resistance
MPRegen  0.39/turn              (no ring)

@: very quick
A: large, antennae 1, hooves 3, clarity, deformed body, speed 2, magic
resistance 1, tough skin 3
a: Depart the Abyss, Bend Space, Banish, Renounce Religion


You were on level 7 of the Dungeon.
You worshipped Lugonu.
Lugonu was most pleased with you.
You were not hungry.

You visited 1 branch of the dungeon, and saw 8 of its levels.
You visited the Abyss 1 time.

You collected 440 gold pieces.

Inventory:

Hand Weapons
 a - a +1 hand axe of draining
 e - a +4 battleaxe of electrocution (weapon)
 l - the +1 long sword "Newtbane" {elec, rF+ rC+ Int-5 SInv}
   (You found it on level 7 of the Dungeon)

   Occasionally, upon striking a foe, it will discharge some electrical energy
   and cause terrible harm.
   It affects your intelligence (-5).
   It protects you from fire.
   It protects you from cold.
   It lets you see invisible.
Missiles
 f - 10 boomerangs (quivered)
Armour
 d - a +0 helmet
 p - a +2 leather armour of cold resistance (worn)
Jewellery
 g - a ring of poison resistance (left hand)
 n - an amulet of magic regeneration (around neck)
Scrolls
 b - 3 scrolls of teleportation
 o - a scroll of magic mapping
 q - a scroll of blinking {unknown}
 s - a scroll of fear
Potions
 h - 5 potions of might
 i - a potion of ambrosia {unknown}
 j - a potion of mutation
 k - a potion of flight
 m - a potion of curing
Comestibles
 c - 6 rations


   Skills:
 + Level 5.7 Fighting
 + Level 1.7 Long Blades
 + Level 7.7 Axes
 + Level 0.7 Throwing
 * Level 5.3 Armour
 * Level 4.2 Dodging
 * Level 6.7 Invocations


You had 9 spell levels left.
You didn't know any spells.
Your spell library contained the following spells:

 Spells                   Type           Power        Failure   Level  Hunger
 Magic Dart               Conj           #...         38%         1    ##.....
 Summon Small Mammal      Summ           #...         38%         1    ##.....
 Call Imp                 Summ           #.......     54%         2    ###....
 Searing Ray              Conj           #.....       54%         2    ###....
 Call Canine Familiar     Summ           #.......     77%         3    ####...
 Dazzling Flash           Conj/Hex       #.....       77%         3    ####...
 Summon Guardian Golem    Hex/Summ       #.......     77%         3    ####...
 Fulminant Prism          Conj/Hex       #.........   99%         4    #####..
 Iskenderun's Mystic Bla  Conj/Tloc      #.......     99%         4    #####..
 Summon Ice Beast         Ice/Summ       #.......     99%         4    #####..
 Summon Lightning Spire   Summ/Air       #.......     99%         4    #####..


Dungeon Overview and Level Annotations

Branches:
Dungeon (8/15)             Temple (0/1) D:6
   Lair: D:8-11

Altars:
Hepliaklqana
Sif Muna
Wu Jian
The Shining One

Shops:
D:6 *[(

Annotations:
D:8 Erica


Innate Abilities, Weirdness & Mutations

You have hooves in place of feet.
Armour fits poorly on your strangely shaped body.
You cover ground very quickly.
You have extremely tough skin. (AC +3)
You have a pair of small antennae on your head.
You possess an exceptional clarity of mind.
You are resistant to hostile enchantments. (MR+)


Message History

Aim: a death yak (moderately wounded, chance to defeat MR: 21%)
You fail to use your ability.
Press: ? - help, Shift-Dir - straight line, f/p - death yak
Aim: a death yak (moderately wounded, chance to defeat MR: 21%)
The death yak resists with almost no effort.
You feel somewhat more hungry.
Press: ? - help, Shift-Dir - straight line, f/p - death yak
Aim: a death yak (moderately wounded, chance to defeat MR: 21%)
You fail to use your ability.
The death yak gores you.
* * * LOW HITPOINT WARNING * * *
Press: ? - help, Shift-Dir - straight line, f/p - death yak
Aim: a death yak (moderately wounded, chance to defeat MR: 21%)
The death yak resists with almost no effort.
You feel somewhat more hungry. The death yak barely misses you.
Unknown command.
Press: ? - help, Shift-Dir - straight line, f/p - death yak
Aim: a death yak (moderately wounded, chance to defeat MR: 21%)
The death yak resists with almost no effort.
You feel somewhat more hungry. The death yak gores you!!
You die...

.##########...#
........##....#
..............#
..............##
<......>.......##
................##
..#######........#
### ##.......#
##.....Y@#
##........#
##........## ###
##.........#
..####..#########
......### #######


You could see a death yak.

Vanquished Creatures
  Joseph (D:8)
  A troll (D:7)
  A wraith (D:7)
  A yak (D:7)
  A human (D:7)
  3 hogs
  An orc warrior (D:6)
  An ice beast (D:5)
  A phantom (D:7)
  4 centaurs
  2 bullfrogs (D:6)
  A scorpion (D:5)
  4 killer bees (D:6)
  4 howler monkeys
  3 crimson imps
  5 hounds
  3 orc priests
  Terence (D:3)
  Jessica (D:3)
  An iguana (D:5)
  4 worker ants
  8 orc wizards
  A killer bee zombie (D:7)
  A hound skeleton (D:5)
  A howler monkey zombie (D:7)
  11 adders
  2 shadow imps (D:5)
  2 oozes (D:1)
  An adder zombie (D:7)
  A worm (D:4)
  5 dart slugs
  4 leopard geckos
  21 orcs
  4 giant cockroaches
  7 hobgoblins
  3 jackals (D:5)
  3 quokkas
  3 ball pythons
  3 bats
  8 frilled lizards
  9 goblins
  8 kobolds
  A quokka skeleton (D:7)
  12 rats
163 creatures vanquished.

Vanquished Creatures (others)
  A two-headed ogre (D:5)
  An orc warrior (D:6)
2 creatures vanquished.

Grand Total: 165 creatures vanquished

Notes
Turn   | Place    | Note
-------+----------+-------------------------------------------
     0 | Abyss:1  | Gargoyl the Centaur Abyssal Knight began the quest for the
                  | Orb.
     0 | Abyss:1  | Reached XP level 1. HP: 19/19 MP: 2/2
    77 | Abyss:3  | Identified a scroll of acquirement
    79 | Abyss:3  | Noticed a smoke demon
    79 | D:1      | Escaped the Abyss
    94 | D:1      | Reached XP level 2. HP: 26/26 MP: 3/3
   114 | D:1      | Reached * piety under Lugonu
   196 | D:1      | Reached skill level 2 in Axes
   380 | D:1      | Reached XP level 3. HP: 22/31 MP: 4/4
   967 | D:2      | Reached ** piety under Lugonu
  1016 | D:2      | Reached skill level 1 in Dodging
  1106 | D:2      | Reached XP level 4. HP: 38/38 MP: 6/6
  1871 | D:3      | Noticed Terence
  1875 | D:3      | Killed Terence
  1875 | D:3      | Reached skill level 3 in Axes
  1909 | D:3      | Reached XP level 5. HP: 39/45 MP: 7/7
  1991 | D:3      | Noticed a centaur
  1997 | D:3      | Killed a centaur
  2084 | D:3      | Noticed Jessica
  2092 | D:3      | Killed Jessica
  2304 | D:3      | Reached XP level 6. HP: 51/51 MP: 8/8
  2328 | D:3      | Found a glowing golden altar of the Shining One.
  2851 | D:4      | Reached skill level 4 in Axes
  2884 | D:4      | Reached *** piety under Lugonu
  3613 | D:5      | Entered Level 5 of the Dungeon
  3645 | D:5      | Reached XP level 7. HP: 15/58 MP: 9/9
  4213 | D:5      | Reached skill level 5 in Axes
  4318 | D:5      | Found a hazy altar of Hepliaklqana.
  4556 | D:5      | Noticed a two-headed ogre
  4573 | D:5      | Banished a two-headed ogre
  4573 | D:5      | Reached XP level 8. HP: 25/67 MP: 6/11
  4953 | D:6      | Reached skill level 6 in Axes
  4953 | D:6      | Reached skill level 5 in Invocations
  5077 | D:6      | Gained mutation: You are resistant to hostile enchantments.
                  | (MR+) [potion of mutation]
  5077 | D:6      | Gained mutation: You have a pair of small antennae on your
                  | head. [potion of mutation]
  5077 | D:6      | Gained mutation: You possess an exceptional clarity of
                  | mind. [potion of mutation]
  5468 | D:6      | Found Okoragha's Antique Armour Shop.
  5586 | D:6      | Found Winkuero's Antique Weapon Boutique.
  5897 | D:6      | Found Zoir's General Store.
  5934 | D:6      | Found a staircase to the Ecumenical Temple.
  6124 | D:6      | Reached **** piety under Lugonu
  6127 | D:6      | Reached XP level 9. HP: 33/72 MP: 13/13
  6786 | D:7      | Found an ornate altar of the Wu Jian Council.
  7460 | D:7      | Reached skill level 5 in Fighting
  7464 | D:7      | Noticed a troll
  7684 | D:7      | Killed a troll
  7684 | D:7      | Reached skill level 7 in Axes
  7829 | D:7      | Reached skill level 5 in Armour
  8125 | D:7      | Found a shimmering blue altar of Sif Muna.
  8257 | D:7      | Got an iridescent long sword
  8258 | D:7      | Identified the cursed +1 long sword "Newtbane" {elec, rF+
                  | rC+ Int-5 SInv} (You found it on level 7 of the Dungeon)
  9062 | D:7      | Reached skill level 1 in Long Blades
  9199 | D:8      | Noticed Joseph
 10428 | D:8      | Killed Joseph
 10428 | D:8      | Reached XP level 10. HP: 67/83 MP: 13/15
 10562 | D:8      | Noticed a death yak
 10563 | D:8      | Noticed Erica
 10564 | D:8      | Noticed a death yak
 10574 | D:8      | Noticed a death yak
 10808 | D:7      | HP: 3/83 [death yak (25)]
 10821 | D:7      | HP: 1/83 [death yak (5)]
 10823 | D:7      | Demolished by a death yak

Levels and vault maps discovered:
D:1:      lightli_arrival_maybe_door_vault, layout_loops_cross
D:2:      layout_basic
D:3:      layout_basic, tso_oasis_becter, minmay_misc_feat_cross, minivault_11,
          dk_noncrumbling_4, uniq_jessica, uniq_terence
D:4:      layout_layer_cave, first_ration
D:5:      layout_rooms, nicolae_overflow_crystal_walls
D:6:      layout_layer_cave, minmay_temple_entry_waves, serial_shops,
          nicolae_shop_overgrown_old_shop, shop_fountains, shop,
          kennysheep_small_spiral, item_on_display_b
D:7:      layout_layer_cave, led_sif_pool, old_standard_altar, grunt_livestock
D:8:      layout_loops_ring, minitemple, dpeg_lair_monsters,
          chequers_mini_garden, fedhas_altar_2, uniq_gastronok, uniq_joseph,
          uniq_erica

Skill      XL: |  1  2  3  4  5  6  7  8  9 |
---------------+----------------------------+-----
Axes           | 2 3 4 5 6 7 |  7.7
Dodging        | 1 2 3 4 |  4.2
Armour         | 2 3 4 5 |  5.3
Invocations    | 3 4 5 6 |  6.7
Fighting       | 4 5 |  5.7
Long Blades    | 1 |  1.7
Throwing       | |  0.7

Action                   |  1- 3 |  4- 6 |  7- 9 | 10-12 || total
-------------------------+-------+-------+-------+-------++-------
Melee: Hand axe          |     3 |       |       |       ||     3
       Battleaxe         |    89 |    94 |   177 |     4 ||   364
       Kick              |     8 |    14 |    43 |     2 ||    67
       Long sword        |       |       |    38 |     5 ||    43
Throw: Boomerang         |       |       |     5 |       ||     5
Invok: Depart the Abyss  |     1 |       |       |       ||     1
       Banish            |       |       |     3 |     4 ||     7
  Use: Scroll            |     4 |     6 |     6 |       ||    16
       Potion            |       |       |     8 |       ||     8
  Eat: Chunk             |       |     6 |    17 |       ||    23
       Ration            |       |       |     1 |     1 ||     2
Armor: Leather armour    |    47 |    15 |    39 |     5 ||   106
       Scale mail        |       |    43 |    77 |       ||   120
Dodge: Dodged            |    59 |    51 |   154 |    10 ||   274
       Rpst.: Long sword |       |       |     5 |     1 ||     6

Table legend:
 A = Non-vault XP
 B = Vault XP
 C = Vault XP percentage of total XP
 D = Non-vault monster count
 E = Vault monster count
 F = Vault count percentage of total count
                 A         B        C        D         E       F
            +---------+---------+-------+---------+---------+-------
      Total |    4163 |    1527 |  26.8 |     157 |       8 |   4.8
            +---------+---------+-------+---------+---------+-------
        D:1 |      53 |       0 |   0.0 |      24 |       0 |   0.0
        D:2 |      76 |       0 |   0.0 |      26 |       0 |   0.0
        D:3 |     177 |      75 |  29.8 |      16 |       2 |  11.1
        D:4 |     234 |       0 |   0.0 |      16 |       0 |   0.0
        D:5 |    1283 |       0 |   0.0 |      29 |       0 |   0.0
        D:6 |    1117 |     196 |  14.9 |      21 |       1 |   4.5
        D:7 |    1220 |     811 |  39.9 |      24 |       4 |  14.3
        D:8 |       3 |     445 |  99.3 |       1 |       1 |  50.0
            +---------+---------+-------+---------+---------+-------
